 Dungeon Crawl Stone Soup version 0.17.1-3-g152610e (webtiles) character file.

232 GFox the Sorcerer's Apprentice (level 5, -9/42 HPs)
             Began as a Demonspawn Abyssal Knight on Feb 28, 2016.
             Was an Initiate of Vehumet.
             Mangled by a small abomination (14 damage)
             ... created by the touch of Lugonu
             ... on level 4 of the Dungeon.
             The game lasted 01:05:37 (5773 turns).

GFox the Sorcerer's Apprentice (DsAK)               Turns: 5773, Time: 01:05:37

Health: -9/42      AC:  7    Str: 13    XL:     5   Next: 73%
Magic:  8/8        EV: 11    Int: 14    God:    Vehumet [......]
Gold:   22         SH:  0    Dex: 10    Spells: 0 memorised, 4 levels left

rFire  + + .     SeeInvis .     e - +0 dagger (venom)
rCold  . . .     Clarity  .     s - +2 ring mail {rF+}
rNeg   . . .     SustAt   .     (no shield)
rPois  .         Gourm    .     (helmet restricted)
rElec  .         Spirit   .     (no cloak)
rCorr  .         Warding  .     (no gloves)
rMut   .         Rnd*Tele +     (no boots)
MR     .....                    (no amulet)
Stlth  ..........               (no ring)
                                l - ring of teleportation

@: about to teleport, not resistant to hostile enchantments, extremely
unstealthy
A: antennae 1, hooves 1, clumsy 1, fire resistance 1, mutation resistance 1,
flame cloud immunity
a: Renounce Religion, Evoke Teleportation


You were on level 4 of the Dungeon.
You worshipped Vehumet.
Vehumet was noncommittal.
You were full.

You visited 2 branches of the dungeon, and saw 5 of its levels.
You visited the Abyss 1 time.

You collected 209 gold pieces.
You spent 187 gold pieces at shops.

Inventory:

Hand Weapons
 a - a +1 spear
 e - a +0 dagger of venom (weapon)
 m - a +0 hunting sling
 p - a +1 dagger of speed
Missiles
 i - 55 poisoned needles
 o - 64 stones
 t - 4 javelins (quivered)
Armour
 s - a +2 ring mail of fire resistance (worn)
Jewellery
 l - a ring of teleportation (left hand)
Scrolls
 d - 2 scrolls of identify
 q - 3 scrolls of remove curse
Potions
 f - a potion of magic
 h - 4 potions of curing
Comestibles
 c - 3 bread rations


   Skills:
 + Level 3.7 Fighting
 + Level 2.2 Polearms
 + Level 0.8(1.1) Slings
 + Level 1.1(1.3) Throwing
 + Level 3.1 Armour
 + Level 2.0 Dodging
 + Level 0.2 Stealth
   Level 4.2 Invocations


You had 4 spell levels left.
You didn't know any spells.

Dungeon Overview and Level Annotations

Branches:
Dungeon (4/15)             Temple (1/1) D:4

Altars:
Ashenzari
Cheibriados
Dithmenos
Elyvilon
Fedhas
Gozag
Kikubaaqudgha
Okawaru
Ru
Sif Muna
Trog
Vehumet
Xom
Yredelemnul
Zin
The Shining One

Shops:
D:4 !


Innate Abilities, Weirdness & Mutations

You have a pair of small antennae on your head.
You have large cloven feet.
Your flesh is heat resistant.
You are immune to clouds of flame.
You are clumsy. (Dex -2)
You are somewhat resistant to further mutation.


Message History

You hit the small abomination.
The small abomination is moderately damaged.
The small abomination closely misses you.
Drink which item? (? for menu, Esc to quit)
You feel better.
The small abomination closely misses you.
You hit the small abomination but do no damage.
The small abomination is moderately damaged.
The small abomination hits you!
You barely miss the small abomination.
You kick the small abomination, but do no damage.
The small abomination is moderately damaged.
The small abomination hits you!
* * * LOW HITPOINT WARNING * * *
As you read the scroll of fog, it crumbles to dust.
The scroll dissolves into smoke.
The small abomination hits you but does no damage.
As you read the scroll of teleportation, it crumbles to dust.
You feel strangely unstable. The small abomination hits you!
You die...

## #. #§# #. ###
#§#### #. #..
#@x§§# #. #.#
####§######.####.#
.........##8#
#........##.#
#.........#.#
#..........∩#
#......<#....
#.......###.#
#######.# #8#


You could see a small abomination.

Vanquished Creatures
  2 hounds (D:4)
  A worker ant (D:4)
  4 adders
  3 oozes
  4 worms
  3 giant geckos
  5 orcs (D:3)
  A ball python (D:1)
  14 bats
  9 giant cockroaches
  6 goblins
  8 hobgoblins
  3 quokkas
  5 giant newts
  11 kobolds
  13 rats
  4 bushes (D:1)
  2 plants (D:1)
98 creatures vanquished.

Vanquished Creatures (others)
  An orc (D:4)
1 creature vanquished.

Grand Total: 99 creatures vanquished

Notes
Turn   | Place    | Note
--------------------------------------------------------------
     0 | Abyss:1  | GFox the Demonspawn Abyssal Knight began the quest for the Orb.
     0 | Abyss:1  | Reached XP level 1. HP: 18/18 MP: 2/2
     0 | D:1      | Escaped the Abyss
   230 | D:1      | Reached skill level 1 in Dodging
   230 | D:1      | Gained mutation: Your flesh is heat resistant. [demonic ancestry]
   230 | D:1      | Reached XP level 2. HP: 18/24 MP: 4/4
   616 | D:1      | Reached * piety under Lugonu
   930 | D:1      | Gained mutation: You have large cloven feet. [demonic ancestry]
   930 | D:1      | Reached XP level 3. HP: 25/29 MP: 5/5
  2232 | D:2      | Reached ** piety under Lugonu
  2232 | D:2      | Gained mutation: You are immune to clouds of flame. [demonic ancestry]
  2232 | D:2      | Reached XP level 4. HP: 23/37 MP: 6/6
  2357 | D:2      | Found a snail-covered altar of Cheibriados.
  2357 | D:2      | Found an opulent altar of Gozag.
  2369 | D:2      | Found a shattered altar of Ashenzari.
  4430 | D:3      | Found a white marble altar of Elyvilon.
  4576 | D:3      | Reached skill level 4 in Invocations
  4937 | D:3      | Gained mutation: You have a pair of small antennae on your head. [demonic ancestry]
  4937 | D:3      | Reached XP level 5. HP: 42/42 MP: 8/8
  5300 | D:3      | Reached *** piety under Lugonu
  5431 | D:4      | Found Xenais's Distillery.
  5437 | D:4      | Bought a potion of heal wounds for 55 gold pieces
  5437 | D:4      | Bought 2 potions of curing for 66 gold pieces
  5437 | D:4      | Bought a potion of curing for 33 gold pieces
  5437 | D:4      | Bought a potion of curing for 33 gold pieces
  5437 | D:4      | Gained mutation: You are clumsy. (Dex -2) [potion of mutation]
  5437 | D:4      | Gained mutation: You are somewhat resistant to further mutation. [potion of mutation]
  5538 | D:4      | Found a deep blue altar of Sif Muna.
  5550 | D:4      | Fell from the grace of Lugonu
  5550 | D:4      | Became a worshipper of Sif Muna the Loreminder
  5599 | D:4      | Reached skill level 1 in Throwing
  5605 | D:4      | Noticed an ogre
  5607 | D:4      | Found a staircase to the Ecumenical Temple.
  5614 | Temple   | Entered the Ecumenical Temple
  5688 | Temple   | Fell from the grace of Sif Muna
  5688 | Temple   | Became a worshipper of Ru the Awakened
  5700 | Temple   | Fell from the grace of Ru
  5700 | Temple   | Became a worshipper of Vehumet
  5757 | D:4      | Noticed a small abomination
  5773 | D:4      | Mangled by a small abomination

Action                   |  1- 3 |  4- 6 || total
-------------------------+-------+-------++-------
Melee: Dagger            |   201 |     9 ||   210
       Spear             |   191 |   176 ||   367
 Fire: Hunting sling     |       |    13 ||    13
Throw: Javelin           |       |    24 ||    24
Invok: Depart the Abyss  |     1 |       ||     1
       Bend Space        |       |    24 ||    24
       Banish            |       |     1 ||     1
 Abil: Evoke Teleportati |     2 |     1 ||     3
  Use: Potion            |     2 |     9 ||    11
       Scroll            |     3 |     8 ||    11
  Eat: Chunk             |     3 |     4 ||     7
       Bread ration      |     1 |     2 ||     3
       Pizza             |       |     1 ||     1
       Royal jelly       |       |     1 ||     1
